 Dungeon Crawl Stone Soup version 0.19-a0-733-geeb8733 (webtiles) character file.

441 Ordine the Changer (level 7, 0/51 HPs)
             Began as an Octopode Transmuter on June 21, 2016.
             Was an Initiate of Cheibriados.
             Slain by Menkaure (20 damage)
             ... on level 5 of the Dungeon.
             The game lasted 00:12:00 (5369 turns).

Ordine the Changer (Octopode Transmuter)            Turns: 5369, Time: 00:12:01

Health: 0/51       AC:  6    Str: 10    XL:     7   Next: 2%
Magic:  7/10       EV: 10    Int: 18    God:    Cheibriados [......]
Gold:   281        SH:  0    Dex: 14    Spells: 2 memorised, 3 levels left

rFire  x . .     SeeInvis .       - Unarmed
rCold  + + +     Gourm    .     (shield currently unavailable)
rNeg   . . .     Faith    .     (helmet currently unavailable)
rPois  +         Spirit   .     (no amulet)
rElec  .         Dismiss  .     (no ring)
rCorr  .         Reflect  .     (no ring)
SustAt .         Harm     .     (no ring)
MR     .....                    (no ring)
Stlth  +++.......               (no ring)
                                (no ring)
                                (no ring)
                                (no ring)

@: ice-form, very slow, not resistant to hostile enchantments, fairly stealthy
A: almost no armour, amphibious, 8 rings, (constrict 8), (camouflage 0),
(gelatinous body 0)
a: End Transformation, Bend Time, Renounce Religion


You were on level 5 of the Dungeon.
You worshipped Cheibriados.
Cheibriados was noncommittal.
You were not hungry.
You were a creature of crystalline ice.
You visited 2 branches of the dungeon, and saw 6 of its levels.

You collected 281 gold pieces.

Inventory:

Jewellery
 d - an uncursed ring of protection from magic {unknown}
Scrolls
 f - a scroll of enchant weapon
Potions
 e - a potion of invisibility {unknown}
 h - 2 potions of agility
 k - a potion of cure mutation
 n - a potion of berserk rage {unknown}
Books
 b - a book of Changes

   Spells                             Type                      Level
   a - Beastly Appendage              Transmutation                1
   b - Sticks to Snakes               Transmutation                2
   c - Spider Form                    Transmutation/Poison         3
   d - Ice Form                       Ice/Transmutation            4
   e - Blade Hands                    Transmutation                5
Comestibles
 a - a meat ration
 c - a bread ration
 g - 7 fruits
 l - a beef jerky


   Skills:
 - Level 1.0 Fighting
 - Level 2.0 Dodging
 + Level 4.6 Stealth
 - Level 3.0 Unarmed Combat
 - Level 2.0 Spellcasting
 * Level 5.6 Transmutations
 + Level 2.7 Ice Magic


You had 3 spell levels left.
You knew the following spells:

 Your Spells              Type           Power        Failure   Level  Hunger
a - Spider Form           Tmut/Pois      ##........   21%         3    ###....
b - Ice Form              Ice/Tmut       ###.....     34%         4    #####..


Dungeon Overview and Level Annotations

Branches:
Dungeon (5/15)             Temple (1/1) D:4

Altars:
Ashenzari
Cheibriados
Dithmenos
Elyvilon
Fedhas
Gozag
Hepliaklqana
Makhleb
Okawaru
Pakellas
Qazlal
Ru
Sif Muna
Trog
Uskayaw
Vehumet
Xom
Yredelemnul
Zin
The Shining One

Annotations:
D:4 exclusion: 2 wights
D:5 Menkaure


Innate Abilities, Weirdness & Mutations

You cannot wear most types of armour.
You are amphibious.
You can wear up to eight rings at the same time.
((You can use your tentacles to constrict eight enemies at once.))
((Your skin changes colour to match your surroundings (Stealth+).))
((Your rubbery body absorbs attacks. (AC +1)))


Message History

A rat zombie comes into view.
The rat zombie barely misses you.
You hit the rat zombie. The rat zombie closely misses you.
You barely miss the rat zombie.
Menkaure calls on the powers of darkness!
Your body is wracked with pain!
The rat zombie barely misses you.
A bat zombie comes into view.
You barely miss the rat zombie. The rat zombie closely misses you.
You hit the rat zombie. You punch the rat zombie!
You destroy the rat zombie!
Cheibriados thoroughly appreciates the change of pace.
You punch Menkaure! You freeze Menkaure.
Menkaure is heavily damaged.
Menkaure gestures at you while chanting.
Pain shoots through your body!
You hit Menkaure.
Menkaure is severely damaged.
Menkaure hits you!!
You die...

....# ....# ##
....# #.. ....# #.#
<...# #.# ..### #
#!# ..# ≈≈≈ #.# ..#
....Z####.# '##
....ZZMY$.#.#.# .#
.!..Z####.#.#.# .#
≈≈≈ #.#.#.# .# #
#.#.#.# .# #.#.#.#
.# .########.#.#.#
.#
..........#.#.###
.#
.######....)......#
.#
..............#.#.#


You could see Menkaure, 3 bat zombies and a rat zombie.

Vanquished Creatures
  A scorpion (D:4)
  3 wights (D:4)
  A hound (D:4)
  An orc priest (D:4)
  Jessica (D:2)
  A howler monkey skeleton (D:4)
  6 adders
  A shadow imp (D:5)
  An ooze (D:2)
  4 worms
  3 dart slugs
  5 giant geckos
  6 orcs
  2 ball pythons
  3 giant cockroaches
  7 hobgoblins
  4 jackals
  A quokka (D:2)
  9 bats
  3 giant newts
  8 goblins
  6 kobolds
  9 rats
  A rat zombie (D:5)
87 creatures vanquished.

Notes
Turn   | Place    | Note
--------------------------------------------------------------
     0 | D:1      | Ordine the Octopode Transmuter began the quest for the Orb.
     0 | D:1      | Reached XP level 1. HP: 13/13 MP: 3/3
   284 | D:1      | Reached skill level 1 in Stealth
   284 | D:1      | Reached XP level 2. HP: 7/18 MP: 5/5
   666 | D:1      | Reached skill level 3 in Transmutations
   829 | D:1      | Reached XP level 3. HP: 23/23 MP: 6/6
   834 | D:1      | Learned a level 3 spell: Spider Form
  1517 | D:2      | Found an iron altar of Okawaru.
  1575 | D:2      | Reached XP level 4. HP: 19/28 MP: 3/7
  1694 | D:2      | Learned a level 4 spell: Ice Form
  1701 | D:2      | Noticed Jessica
  1705 | D:2      | Noticed a hand axe
  1706 | D:2      | Noticed a hand axe
  1711 | D:2      | Killed Jessica
  1711 | D:2      | Reached skill level 4 in Transmutations
  1712 | D:2      | Found a hide-covered altar of Uskayaw.
  2075 | D:2      | Found a faded altar of an unknown god.
  2139 | D:2      | Found an oddly glowing altar of Pakellas.
  2148 | D:2      | Found a glowing golden altar of the Shining One.
  2321 | D:2      | Reached XP level 5. HP: 22/33 MP: 8/8
  2751 | D:3      | Found a burning altar of Makhleb.
  2866 | D:3      | Reached skill level 1 in Ice Magic
  3957 | D:4      | Found a staircase to the Ecumenical Temple.
  3971 | Temple   | Entered the Ecumenical Temple
  3977 | Temple   | Became a worshipper of Cheibriados the Contemplative
  4168 | D:4      | Reached skill level 5 in Transmutations
  4168 | D:4      | Reached XP level 6. HP: 20/38 MP: 6/9
  5122 | D:5      | Entered Level 5 of the Dungeon
  5126 | D:5      | Reached XP level 7. HP: 43/43 MP: 10/10
  5355 | D:5      | Noticed Menkaure
  5369 | D:5      | Slain by Menkaure

Vault maps used:
D:1:      saegor_arrival_miasma, minmay_misc_feat_tiny
D:2:      dancing_weapons_uskayaw, amethyst_overflow_temple_binary,
          ecumenical_altar_1, okawaru_trees_1, uniq_jessica
D:3:      lightli_temple_of_fire
D:4:      marbit_many_paths, first_bread, uniq_eustachio
D:5:      lemuel_zombie_altar_kikubaaqudgha, uniq_prince_ribbit1, uniq_menkaure
Temple:   eino_temple_rhombus

Skill      XL: |  1  2  3  4  5  6 |
---------------+-------------------+-----
Stealth        | 1 2 3 4 |  4.6
Transmutations | 3 4 5 |  5.6
Ice Magic      | 1 2 |  2.7
Fighting       | |  1.0
Dodging        | |  2.0
Unarmed Combat | |  3.0
Spellcasting   | |  2.0

Action                   |  1- 3 |  4- 6 |  7- 9 || total
-------------------------+-------+-------+-------++-------
Melee: Unarmed           |    90 |   150 |    11 ||   251
       Constrict         |    22 |    29 |     1 ||    52
       Tentacles         |    12 |    18 |       ||    30
       Punch             |     1 |     2 |       ||     3
 Cast: Spider Form       |     1 |     2 |       ||     3
       Ice Form          |       |     1 |     1 ||     2
  Use: Scroll            |     4 |     7 |     1 ||    12
       Potion            |       |     2 |       ||     2
 Stab: Sleeping          |     7 |    16 |     1 ||    24
  Eat: Chunk             |     2 |    11 |     2 ||    15
Armor: Skin              |    16 |     5 |       ||    21
Dodge: Dodged            |    49 |    76 |     5 ||   130
